 Dungeon Crawl Stone Soup version 0.32-a0-18-g89e19f1974 (webtiles) character file.

Game seed: 6123246700514144340

598908 shadizar the Cryomancer (level 27, -3/96 (149) HPs)
             Began as a Djinni Conjurer on Jan 14, 2024.
             Was the Champion of Makhleb.
             Slain by a searing wretch (4 damage)
             ... in the Vestibule of Hell on Jan 16, 2024.
             The game lasted 03:45:11 (53294 turns).

shadizar the Cryomancer (Djinni Conjurer)          Turns: 53294, Time: 03:45:11

HP:   -3/96 (149)   AC: 16    Str:  8 (9)  XL:     27
Gold: 6993          EV: 14    Int: 41 (45) God:    Makhleb [******] SH: 15 Dex:  5 (19)

rFire   + + +        C - staff of Gozag, Dancing {rN+ Int+8 Stlth- Necro Ice Alchemy}
rCold   + + +        X - +2 shield of Resistance {rF++ rC++ Will++}
rNeg    + . .        Z - +4 skin of Zhor {*Englaciate rC+++ SInv}
rPois   ∞            P - +2 hat {Int+3}
rElec   +            M - +2 cloak {rCorr}
rCorr   +            K - +2 pair of gloves {Stlth+}
SInv    +            (boots unavailable)
Will    +++++        k - amulet of regeneration Stlth
                     V - ring "Kimuh" {Wiz rC+ Int+5 Stlth-}
HPRegen 1.16/turn    G - ring of the Present {*Slow rElec Will+ Str+3 Dex+8}
MPRegen 0.00/turn

%: slow self (1%), clarity, wizardry (x1), infuse magic (-4 HP)
@: flying, studying 2 skills, very heavily drained
A: sickness immunity, fire resistance 2, cold vulnerability 1, float, innate
caster, HP casting, extra vitality 1, clarity, clumsy 1, deformed body, frail 3,
screaming 1, teleportitis 1, subdued magic 1, inability to drink after injury 1,
inability to read after injury 1, dopey 1[+1]
}: 4/15 runes: decaying, serpentine, slimy, silver
a: Renounce Religion, Minor Destruction, Lesser Servant of Makhleb, Major
Destruction, Greater Servant of Makhleb


You were in the Vestibule of Hell.
You worshipped Makhleb.
Makhleb was exalted by your worship.
You visited 12 branches of the dungeon, and saw 54 of its levels.
You also visited: Trove, Ossuary and Ice Cave.

You collected 9222 gold pieces.
You spent 2229 gold pieces at shops.

Inventory:

Hand Weapons
 h - the +8 trishula "Condemnation" {holy, anguish, *Noise Fly rN+}
   (You took it off a deep elf death mage on level 5 of the Vaults)

   rN+:       It protects you from negative energy.
   Fly:       It grants you flight.
   *Noise:    It may make a loud noise when swung.
 y - a +1 great sword of flaming
 R - the +10 hand axe of the Hurtling Penguin {freeze, rF+}
   (You found it on level 5 of the Lair of Beasts)

   rF+:       It protects you from fire.
Armour
 f - the +0 pair of gloves "Hyedghuog" {rC+ Dex+2 Stlth+}
   (You found it on level 14 of the Dungeon)

   Dex+2:     It affects your dexterity (+2).
   rC+:       It protects you from cold.
   Stlth+:    It makes you more stealthy.
 s - a +6 chain mail of ponderousness
 F - a +2 robe of resistance
 K - a +2 pair of gloves of stealth (worn)
 M - a +2 cloak of preservation (worn)
 P - a +2 hat of intelligence (worn)
 X - the +2 shield of Resistance (worn) {rF++ rC++ Will++}
   (You found it in an ice cave)

   rF++:      It greatly protects you from fire.
   rC++:      It greatly protects you from cold.
   Will++:    It greatly increases your willpower.
 Y - a scarf of resistance
 Z - the +4 skin of Zhor (worn) {*Englaciate rC+++ SInv}
   (You found it in an ice cave)

   *Englaciate: It radiates cold, occasionally slowing all nearby creatures who
   are not resistant to cold.
   rC+++:     It renders you almost immune to cold.
   SInv:      It lets you see invisible.
Magical Staves
 r - a staff of earth
 C - the staff of Gozag, Dancing (weapon) {rN+ Int+8 Stlth- Necro Ice Alchemy}
   (You bought it in a shop on level 2 of the Elven Halls)

   [staff of death]

   Base accuracy: +5 Base damage: 5 Base attack delay: 1.2 This weapon's minimum
   attack delay (0.6) is reached at skill level 12.
   Int+8:     It affects your intelligence (+8).
   rN+:       It protects you from negative energy.
   Stlth-:    It makes you less stealthy.
   Necro:     It increases the power of your Necromancy spells.
   Ice:       It increases the power of your Ice spells.
   Alchemy:   It increases the power of your Alchemy spells.
   It falls into the 'Staves' category.
   It is a one-handed weapon.
 U - a staff of conjuration
 W - the staff "Ecsuo" {rF+ SInv Stlth+ Fire Air}
   (You found it on level 5 of the Pits of Slime)

   [staff of fire]

   Base accuracy: +5 Base damage: 5 Base attack delay: 1.2 This weapon's minimum
   attack delay (0.6) is reached at skill level 12.
   rF+:       It protects you from fire.
   SInv:      It lets you see invisible.
   Stlth+:    It makes you more stealthy.
   Fire:      It increases the power of your Fire spells.
   Air:       It increases the power of your Air spells.
   It falls into the 'Staves' category.
   It is a one-handed weapon.
Jewellery
 k - an amulet of regeneration (around neck)
 G - the ring of the Present (right hand) {*Slow rElec Will+ Str+3 Dex+8}
   (You took it off a deep elf sorcerer on level 3 of the Elven Halls)

   [ring of willpower]

   Str+3:     It affects your strength (+3).
   Dex+8:     It affects your dexterity (+8).
   rElec:     It insulates you from electricity.
   Will+:     It increases your willpower.
   *Slow:     It may slow you when you take damage.
 T - a ring of positive energy
 V - the ring "Kimuh" (left hand) {Wiz rC+ Int+5 Stlth-}
   (You found it on level 5 of the Lair of Beasts)

   [ring of wizardry]

   Wiz:       It improves your spell success rate.
   Int+5:     It affects your intelligence (+5).
   rC+:       It protects you from cold.
   Stlth-:    It makes you less stealthy.
Wands
 a - a wand of light (17)
 c - a wand of flame (106)
 p - a wand of roots (67)
 w - a wand of charming (49)
 A - a wand of mindburst (32)
 B - a wand of polymorph (36)
 H - a wand of digging (19)
Scrolls
 b - 2 scrolls of blinking
 d - 2 scrolls of revelation
 e - 20 scrolls of teleportation
 l - a scroll of identify
 u - a scroll of fog
 x - a scroll of silence
 D - 13 scrolls of poison
Potions
 i - 6 potions of enlightenment
 j - a potion of lignification
 m - 25 potions of curing
 n - 5 potions of invisibility
 o - 12 potions of heal wounds
 q - 12 potions of haste
 t - 5 potions of resistance
 v - a potion of cancellation
 I - 2 potions of berserk rage
 S - 7 potions of brilliance
Miscellaneous
 g - the horn of Geryon


   Skills:
 + Level 22.7 Fighting
 - Level 17.1 Armour
 + Level 21.4 Dodging
 - Level 1.5 Stealth
 + Level 19.6 Shields
 * Level 21.5 Spellcasting
 * Level 21.5 Conjurations
 * Level 21.5 Hexes
 * Level 21.5 Summonings
 * Level 21.5 Necromancy
 * Level 21.5 Translocations
 * Level 21.5 Fire Magic
 * Level 26.4 Ice Magic
 * Level 21.5 Air Magic
 * Level 21.5 Earth Magic
 * Level 21.5 Alchemy


You knew the following spells:

 Your Spells              Type           Power      Damage    Failure   Level
a - Magic Dart            Conj           100%       1d8       0%          1
b - Searing Ray           Conj           100%       2d8       0%          2
c - Fulminant Prism       Conj/Alch      65%        3d28      0%          4
d - Iskenderun's Mystic   Conj/Tloc      100%       2d19      0%          4
e - Apportation           Tloc           100%       N/A       0%          1
f - Jinxbite              Hex            100%       N/A       0%          2
g - Mercury Vapours       Alch/Air       100%       N/A       0%          2
h - Dazzling Flash        Conj/Hex       100%       N/A       0%          3
i - Freezing Cloud        Conj/Ice/Air   66%        6-21      0%          5
j - Yara's Violent Unrav  Hex/Alch       65%        3d24      0%          5
k - Conjure Ball Lightni  Conj/Air       53%        3x3d18    0%          6
l - Malign Gateway        Summ/Tloc      53%        N/A       1%          7
m - Bombard               Conj/Erth      53%        9d9       0%          6
n - Lehudib's Crystal Sp  Conj/Erth      53%        10d12     1%          8
o - Monstrous Menagerie   Summ           53%        N/A       1%          7
p - Disjunction           Tloc           53%        N/A       1%          8
q - Shatter               Erth           53%        3d40*     4%          9
Your spell library was empty.

Dungeon Overview and Level Annotations

Branches:
Dungeon (15/15)            Temple (1/1) D:7            Lair (5/5) D:11
  Swamp (4/4) Lair:3        Snake (4/4) Lair:3        Slime (5/5) Lair:4
    Orc (2/2) D:12            Elf (3/3) Orc:2        Vaults (5/5) D:13
  Crypt (0/3) Vaults:2     Depths (4/4) D:15           Hell (1/1)
    Dis (0/7) Hell            Geh (5/7) Hell            Coc (0/7) Hell
    Tar (0/7) Hell            Zot (0/5) Depths:4    Ossuary (visited)
  IceCv (visited)

Altars:
Ashenzari
Cheibriados
Dithmenos
Elyvilon
Fedhas
Gozag
Hepliaklqana
Makhleb
Nemelex Xobeh
Okawaru
Qazlal
Ru
Trog
Uskayaw
Wu Jian
Xom
Yredelemnul
Zin
The Shining One
Jiyva
Lugonu

Shops:
D:1 =   D:4 [   D:15 *   Orc:2 ?[(*[=   Elf:2 *   Elf:3 =   Vaults:3 [[
Vaults:4 :**!   Vaults:5 :   Depths:3 **[*

Portals:
Hell: Depths:1 Depths:2 Depths:3 Depths:4
Abyss: Depths:3
Pandemonium: Depths:2
Ziggurat: Depths:1

Annotations:
D:7 1 runed translucent door, Crazy Yiuf
D:8 3 runed translucent doors, munkybalat's ghost, novice DsMo


Innate Abilities, Weirdness & Mutations

You are immune to sickness and miasma.
You are immune to poison.
Your flesh is very heat resistant. (rF++)
You are vulnerable to cold. (rC-)
You float through the air rather than walking.
You learn spells naturally, not from books.
Your magical power is your life essence.
You have superior vitality. (+4 MHP)
You possess an exceptional clarity of mind.
You are clumsy. (Dex -2)
Armour fits poorly on your strangely shaped body.
You are extremely frail. (-30% HP)
You occasionally shout uncontrollably at your foes.
You are occasionally teleported next to monsters.
Your spells are a little easier to cast, but a little less powerful.
You occasionally lose the ability to drink potions when taking damage.
You occasionally lose the ability to read scrolls when taking damage.
[You are very dopey. (Int -4)]


Message History

There is a gateway leading out of Gehenna here.
Unknown command.
Unknown command.
Unknown command.
Unknown command.
Unknown command.
You block the Brimstone Fiend's attack. x2; The Brimstone Fiend hits you.
The searing wretch closely misses you. You block the searing wretch's attack.
You fly up through the gate.
Welcome back to the Vestibule of Hell!
You radiate an aura of cold.
The Brimstone Fiend seems to slow down.
The searing wretch is unaffected.
There is a gateway to the ashen valley of Gehenna here.
Unknown command.
Casting: Lehudib's Crystal Spear (dangerous; 1% risk of failure)
Confirm with . or Enter, or press ? or * to list all spells.
Aiming: Lehudib's Crystal Spear (dangerous; 1% risk of failure)
Press: ? - help, Shift-Dir - straight line, f - Brimstone Fiend
Aim: a Brimstone Fiend (lava, slow, 92% to hit)
The crystal spear hits the Brimstone Fiend!!!
The Brimstone Fiend is severely wounded.
You block the searing wretch's attack. The searing wretch bites you!
* * * LOW HITPOINT WARNING * * *
Unknown command.
Unknown command.
Unknown command.
Unknown command.
Unknown command.
Unknown command.
Casting: Lehudib's Crystal Spear (dangerous; 1% risk of failure)
Confirm with . or Enter, or press ? or * to list all spells.
Aiming: Lehudib's Crystal Spear (dangerous; 1% risk of failure)
Press: ? - help, Shift-Dir - straight line, f/p - Brimstone Fiend
Aim: a Brimstone Fiend (lava, severely wounded, slow, 92% to hit)
The crystal spear hits the Brimstone Fiend!!!!
You kill the Brimstone Fiend!
Makhleb accepts your kill.
You feel better. The searing wretch claws you!!
* * * LOW HITPOINT WARNING * * *
You are engulfed in flames.
You resist.
You die...

....## ...## ###
..## ##≈# .## ##≈≈#
## ##≈≈≈# # ##≈≈≈§#
##...§≈# ##..≈≈≈≈#
##.≈§≈≈@≈#
##.≈...n)≈# ######
##......§§§#
.....###≈.≈..§≈§§≈#
#...###§....§§≈§≈≈#
.....#.≈.§§≈§§§≈≈≈#
...##..§≈≈≈.§§§≈≈≈#
....≈..§.....≈..≈§#
....§.≈§§...§≈§≈§§#


You could see a searing wretch.

Vanquished Creatures
  the Royal Jelly (Slime:5)
  Mennas (Vaults:3)
  A juggernaut (Depths:3)
  Xtahua (Depths:4)
  Bai Suzhen (Depths:1)
  the Lernaean hydra (Swamp:4)
  Boris (thrice) (Depths:1 Vaults:2 Vaults:4)
  Saint Roka (Orc:2)
  Vashnia (Snake:2)
  3 golden dragons
  Geryon (Hell)
  Norris (Elf:1)
  A bone dragon (Depths:4)
  A hellephant (Geh:4)
  Jorgrun (Orc:2)
  2 tentacled monstrosities
  3 Brimstone Fiends
  The ghost of Atuad the Crack Shot, an adept FoHu of Zin (Depths:3)
  An Ice Fiend (Geh:3)
  2 walking crystal tomes
  2 liches (Depths:3)
  Mlioglotl (Snake:1)
  8 titans (Vaults:5)
  2 quicksilver dragons
  7 searing wretches
  3 deep elf blademasters
  2 deep elf master archers (Elf:3)
  6 sphinxes
  A tainted leviathan (Hell)
  23 acid blobs
  A walking frostbound tome (Depths:3)
  Kirke (D:14)
  9 tengu reavers
  Agnes (D:14)
  3 shadow dragons (Vaults:5)
  Gastronok (Lair:3)
  Aizul (Snake:2)
  3 storm dragons
  17 rockslimes
  A fenstrider witch (Swamp:2)
  A thorn hunter (Swamp:4)
  24 azure jellies
  Donald (Snake:2)
  14 fire giants
  8 deep elf sorcerers
  A draconian monk (Depths:4)
  Louise (Snake:4)
  2 nagarajas (Snake:4)
  15 vault wardens
  5 iron dragons
  5 deep elf elementalists (Elf:3)
  11 frost giants
  2 ghouls (Vaults:2)
  11 balrugs
  An orc warlord (Vaults:3)
  17 ironbound preservers
  4 reapers
  2 spriggan defenders (Depths:2)
  10 very ugly things
  2 cacodemons (Hell)
  4 ironbound thunderhulks
  A draconian stormcaller (Depths:4)
  Nessos (D:14)
  6 formless jellyfish
  2 eleionomae
  A green draconian (Depths:4)
  13 quicksilver oozes
  24 stone giants
  7 deep elf demonologists
  2 vampire knights
  11 war gargoyles
  A bunyip (Swamp:4)
  5 deep elf annihilators
  5 putrid mouths (Hell)
  A red draconian (Depths:4)
  9 deep elf death magi
  3 yellow draconians (Depths:4)
  18 dire elephants
  4 spark wasps (Depths:4)
  Snorg (D:14)
  10 ettins
  6 blizzard demons
  Josephine (D:14)
  2 shambling mangroves (Swamp:4)
  5 fire dragons
  A crystal guardian (Vaults:4)
  3 deep elf high priests
  A merfolk impaler (Depths:4)
  7 ice dragons
  An entropy weaver (Vaults:1)
  12 great orbs of eyes
  4 spriggan air magi
  4 peacekeepers
  14 yaktaur captains
  16 hydras
  34 vault guards
  2 rakshasas
  A hell beast (Depths:1)
  8 salamander tyrants
  Erolcha (D:11)
  8 anacondas
  2 ghost crabs
  3 catoblepae
  4 stokers
  8 alligators
  Erica (Lair:1)
  8 two-headed ogres
  2 two-headed ogres (shapeshifter)
  9 centaur warriors
  9 ironbound frosthearts
  3 boulder beetles
  An ogre mage (Vaults:5)
  33 dancing weapons
  6 tengu warriors
  2 vampire magi
  7 death yaks
  10 naga warriors
  3 deep troll earth magi
  2 deep troll shamans
  2 orc high priests
  18 hell hogs
  2 occultists
  A shock serpent (shapeshifter) (Depths:3)
  7 shock serpents
  Urug (D:10)
  6 hell knights
  Sonja (Lair:2)
  14 naga sharpshooters
  5 spriggan berserkers
  24 deep elf knights
  6 iron trolls
  7 sun demons
  8 soul eaters
  2 spectral death yaks (Lair:5)
  A sixfirhy (Hell)
  A salamander mystic (Depths:1)
  4 skysharks (Elf:1)
  4 glowing orange brains
  7 goliath frogs
  45 deep trolls
  A mana viper (shapeshifter) (Vaults:5)
  Lodul (D:11)
  A deep troll (shapeshifter) (Vaults:5)
  A flayed ghost (Vaults:5)
  5 mana vipers
  An obsidian statue (Lair:5)
  4 spriggan druids
  A bog body (Swamp:1)
  A spectral anaconda (Lair:5)
  7 arcanists
  4 naga ritualists
  An orb spider (shapeshifter) (Vaults:3)
  23 deep elf archers
  18 ironbound convokers
  12 swamp dragons
  10 phantasmal warriors
  A shadow dragon zombie (Vaults:3)
  10 harpies
  44 deep elf pyromancers
  8 lindwurms
  Pikel (D:5)
  5 orc knights
  5 orc sorcerers
  6 necromancers
  3 cyclopes
  49 deep elf zephyrmancers
  23 ugly things
  3 will-o-the-wisps (Swamp:2)
  A wolf spider (Vaults:5)
  2 manticores
  A moth of wrath (shapeshifter) (Vaults:5)
  7 shining eyes
  11 salamanders
  7 kobold blastminers
  7 meliai
  13 naga magi
  2 elephants (shapeshifter)
  9 rust devils
  33 black mambas
  2 molten gargoyles
  18 vault sentinels
  An ice statue (IceCv)
  31 elephants
  2 guardian serpents (Snake:4)
  2 eyes of devastation
  A torpor snail (Lair:4)
  A dire elephant zombie (Lair:5)
  Maggie (D:6)
  12 cane toads
  A smoke demon (Depths:1)
  2 gargoyles
  3 orange demons (Hell)
  3 freezing wraiths
  2 unseen horror zombies (D:8)
  5 hellions
  A yaktaur zombie (Vaults:3)
  35 yaktaurs
  4 rime drakes
  A rime drake (shapeshifter) (Elf:1)
  An efreet (D:15)
  2 ice devils
  7 komodo dragons
  2 tormentors
  2 tengu conjurers (Depths:2)
  An anaconda simulacrum (IceCv)
  A troll (shapeshifter) (Elf:1)
  A wind drake (shapeshifter) (Vaults:5)
  A polar bear (Lair:5)
  16 trolls
  A merfolk (shapeshifter) (Vaults:5)
  Grinder (D:3)
  Prince Ribbit (D:5)
  3 bloated husks
  5 tyrant leeches
  6 glass eyes
  13 hornets
  19 blink frogs
  A snapping turtle (shapeshifter) (Depths:3)
  A frost giant simulacrum (Vaults:3)
  13 dream sheep
  A jumping spider (Vaults:1)
  4 shadows
  154 slime creatures
  6 air elementals
  8 wraiths
  16 water elementals
  A centaur simulacrum (D:14)
  2 yaks (shapeshifter)
  16 spriggans
  8 wyverns
  4 wargs
  15 yaks
  2 fire bats (Depths:1)
  A vampire (D:8)
  5 golden eyes (Slime:5)
  6 fire elementals
  4 hogs (D:14)
  2 dire elephant simulacra (IceCv)
  3 basilisks
  A steam dragon (D:8)
  4 redbacks
  12 vampire mosquitoes
  18 swamp worms
  Grum (D:11)
  Menkaure (D:7)
  A spectral cane toad (Lair:5)
  Edmund (D:5)
  27 nagas
  3 acid dragons
  17 water moccasins
  A glowing shapeshifter skeleton (Vaults:3)
  16 swamp drakes
  3 black bears
  4 elephant zombies (Lair:5)
  29 orc warriors
  An ice beast (D:8)
  4 laughing skulls (D:15)
  8 wolves
  15 ogres
  3 boggarts (Vaults:1)
  23 centaurs
  2 elephant skeletons (Lair:5)
  2 lemures (D:5)
  2 elf zombies (Ossuary)
  3 kobold brigands
  12 bullfrogs
  A scorpion (D:5)
  2 human skeletons (Vaults:3)
  2 wyvern zombies (D:8)
  4 cane toad simulacra
  8 two-headed ogre simulacra
  9 wights
  3 elephant simulacra
  7 killer bees
  6 howler monkeys
  An electric eel (Lair:1)
  3 bombardier beetles
  3 centaur zombies
  10 jellies
  2 lava snakes (Lair:3)
  2 human zombies
  A hound (D:5)
  12 orc priests
  4 iguanas
  2 sleepcaps
  Terence (D:3)
  21 orc wizards
  8 spriggan simulacra (IceCv)
  3 wolf simulacra (IceCv)
  2 killer bee zombies (D:8)
  3 polar bear simulacra (IceCv)
  6 troll simulacra
  7 hound zombies (Ossuary)
  3 mummies
  Robin (D:4)
  2 howler monkey zombies (D:8)
  A gnoll (D:12)
  9 naga simulacra
  3 adders
  A shadow imp (D:6)
  3 white imps
  8 ufetubi
  4 adder zombies (Ossuary)
  5 dart slugs
  54 orcs
  8 endoplasms
  8 giant cockroaches
  17 goblins
  6 hobgoblins
  7 jackals
  2 quokkas
  7 ball pythons
  5 bats
  3 frilled lizards
  10 gnoll zombies (Ossuary)
  4 jackal zombies (Ossuary)
  14 kobolds
  5 kobold zombies (Ossuary)
  4 orc zombies
  3 rats
  3 creeping infernos
  9 fire vortices
  4 fulminant prisms
2183 creatures vanquished.

Vanquished Creatures (collateral kills)
  An acid blob (Slime:5)
  An eldritch tentacle (Snake:2)
  Roxanne (Snake:1)
  A frost giant (Depths:2)
  An ice dragon (Depths:2)
  A deep troll earth mage (Depths:2)
  5 ball lightnings
11 creatures vanquished.

Vanquished Creatures (others)
  7 eldritch tentacles
  A tengu warrior (Depths:1)
  A bloated husk (Swamp:3)
  2 humans (D:14)
  A naga (Snake:3)
  An orc warrior (Elf:1)
  A centaur (D:8)
  A kobold brigand (D:8)
  A bullfrog (D:8)
  An orc (D:8)
  54 ball lightnings
  A creeping inferno (Geh:5)
  6 foxfires (Swamp:2)
  27 fulminant prisms
105 creatures vanquished.

Grand Total: 2299 creatures vanquished

Notes
Turn   | Place    | Note
-------+----------+-------------------------------------------
     0 | D:1      | shadizar the Djinni Conjurer began the quest for the Orb.
     0 | D:1      | shadizar set off with the following spells memorised: Magic
                  | Dart, Searing Ray, Fulminant Prism, Iskenderun's Mystic
                  | Blast.
     0 | D:1      | Reached XP level 1. HP: 15/15 MP: 0/0
   244 | D:1      | Reached XP level 2. HP: 21/22 MP: 0/0
   252 | D:1      | Reached skill level 1 in Fighting
   350 | D:1      | Found Lyot's Jewellery Shoppe.
   567 | D:1      | Reached XP level 3. HP: 17/27 MP: 0/0
   567 | D:1      | Learned a level 1 spell: Apportation
  1218 | D:2      | Reached skill level 4 in Ice Magic
  1500 | D:2      | Reached XP level 4. HP: 33/33 MP: 0/0
  1882 | D:3      | Noticed Grinder
  1884 | D:3      | Paralysed by Grinder for 3 turns
  2310 | D:3      | Reached XP level 5. HP: 36/40 MP: 0/0
  2310 | D:3      | Learned a level 2 spell: Jinxbite
  2469 | D:3      | Noticed Terence
  2493 | D:3      | Killed Terence
  2759 | D:4      | Noticed an ogre
  2766 | D:4      | Killed an ogre
  2767 | D:4      | Reached XP level 6. HP: 47/47 MP: 0/0
  2833 | D:4      | Reached skill level 5 in Spellcasting
  2833 | D:4      | Reached skill level 5 in Conjurations
  2833 | D:4      | Reached skill level 5 in Hexes
  2833 | D:4      | Reached skill level 5 in Summonings
  2833 | D:4      | Reached skill level 5 in Necromancy
  2833 | D:4      | Reached skill level 5 in Translocations
  2833 | D:4      | Reached skill level 5 in Fire Magic
  2833 | D:4      | Reached skill level 5 in Ice Magic
  2833 | D:4      | Reached skill level 5 in Air Magic
  2833 | D:4      | Reached skill level 5 in Earth Magic
  2833 | D:4      | Reached skill level 5 in Alchemy
  2993 | D:4      | Reached XP level 7. HP: 53/53 MP: 0/0
  2993 | D:4      | Learned a level 2 spell: Mercury Vapours
  2995 | D:4      | Noticed Robin
  3085 | D:4      | Killed Robin
  3320 | D:4      | Found Atrer's Armour Emporium.
  3533 | D:5      | Entered Level 5 of the Dungeon
  3564 | D:5      | Reached skill level 5 in Fighting
  3601 | D:5      | Found a shadowy altar of Dithmenos.
  3601 | D:5      | Noticed a water moccasin
  3611 | D:5      | Killed a water moccasin
  3645 | D:5      | Reached XP level 8. HP: 58/61 MP: 0/0
  3647 | D:5      | Noticed Pikel
  3660 | D:5      | Killed Pikel
  3661 | D:5      | Reached skill level 6 in Ice Magic
  3714 | D:5      | Noticed Prince Ribbit
  3715 | D:5      | Found an ornate altar of the Wu Jian Council.
  3720 | D:5      | Killed Prince Ribbit
  3764 | D:5      | Reached XP level 9. HP: 53/68 MP: 0/0
  3764 | D:5      | Learned a level 3 spell: Dazzling Flash
  3861 | D:5      | Found a sand-covered staircase.
  3870 | Ossuary  | Entered an ossuary
  3915 | Ossuary  | Reached skill level 7 in Ice Magic
  4479 | D:5      | Found a sparkling altar of Nemelex Xobeh.
  4691 | D:5      | Noticed Edmund
  4698 | D:5      | Killed Edmund
  4813 | D:6      | Found a glowing silver altar of Zin.
  4850 | D:6      | Noticed Maggie
  4869 | D:6      | Killed Maggie
  4990 | D:6      | Found a glowing golden altar of the Shining One.
  5091 | D:6      | Found an iron altar of Okawaru.
  5147 | D:6      | Found a broken altar of Ashenzari.
  5459 | D:6      | Reached skill level 1 in Shields
  5459 | D:6      | Reached XP level 10. HP: 70/78 MP: 0/0
  5475 | D:6      | Found a white marble altar of Elyvilon.
  5657 | D:3      | Killed Grinder
  5863 | D:7      | You are sucked into a shaft and drop 2 floors!
  5971 | D:8      | Reached skill level 8 in Ice Magic
  5986 | D:8      | Found a shimmering altar of Xom.
  6005 | D:8      | Reached skill level 5 in Dodging
  6297 | D:8      | Found a basalt altar of Yredelemnul.
  6393 | D:7      | Found a staircase to the Ecumenical Temple.
  6403 | D:7      | Noticed Menkaure
  6409 | D:7      | Killed Menkaure
  6591 | D:7      | Reached skill level 10 in Fighting
  6640 | D:7      | Found a snail-covered altar of Cheibriados.
  6705 | Temple   | Entered the Ecumenical Temple
  6730 | Temple   | Became a worshipper of Makhleb the Destroyer
  6811 | D:7      | Found a runed translucent door.
  6812 | D:7      | Noticed Crazy Yiuf
  7138 | D:8      | Reached XP level 11. HP: 56/85 MP: 0/0
  7138 | D:8      | Learned a level 5 spell: Freezing Cloud
  7674 | D:8      | Found a runed translucent gate.
  7675 | D:8      | Found a runed translucent gate.
  7675 | D:8      | Found a runed translucent gate.
  7676 | D:8      | Noticed munkybalat's ghost (novice DsMo)
  7677 | D:8      | Identified the +5 plate armour "Mubip" {MP+9}
  7746 | D:9      | Found a stormy altar of Qazlal.
  7824 | D:9      | Reached skill level 5 in Shields
  7848 | D:9      | Found a sacrificial altar of Ru.
  8039 | D:9      | Noticed a two-headed ogre
  8050 | D:9      | Killed a two-headed ogre
  8132 | D:9      | Found a bloodstained altar of Trog.
  8939 | D:10     | Entered Level 10 of the Dungeon
  8982 | D:10     | Noticed a two-headed ogre
  8992 | D:10     | Killed a two-headed ogre
  8992 | D:10     | Reached * piety under Makhleb
  9167 | D:10     | Noticed Urug
  9244 | D:10     | Killed Urug
  9245 | D:10     | Reached skill level 9 in Ice Magic
  9712 | D:11     | Noticed a two-headed ogre
  9730 | D:11     | Killed a two-headed ogre
  9781 | D:11     | Noticed Grum
  9788 | D:11     | Reached XP level 12. HP: 89/94 MP: 0/0
  9793 | D:11     | Killed Grum
  9886 | D:11     | Found a staircase to the Lair.
 10237 | D:11     | Noticed Erolcha
 10244 | D:11     | Killed Erolcha
 10367 | D:11     | Reached ** piety under Makhleb
 10368 | D:11     | Noticed Lodul
 10373 | D:11     | Killed Lodul
 10687 | Lair:1   | Entered Level 1 of the Lair of Beasts
 10697 | Lair:1   | Reached skill level 1 in Armour
 10817 | Lair:1   | Noticed Erica
 10863 | Lair:1   | Killed Erica
 10864 | Lair:1   | Reached skill level 10 in Spellcasting
 10864 | Lair:1   | Reached skill level 10 in Conjurations
 10864 | Lair:1   | Reached skill level 10 in Hexes
 10864 | Lair:1   | Reached skill level 10 in Summonings
 10864 | Lair:1   | Reached skill level 10 in Necromancy
 10864 | Lair:1   | Reached skill level 10 in Translocations
 10864 | Lair:1   | Reached skill level 10 in Fire Magic
 10864 | Lair:1   | Reached skill level 10 in Ice Magic
 10864 | Lair:1   | Reached skill level 10 in Air Magic
 10864 | Lair:1   | Reached skill level 10 in Earth Magic
 10864 | Lair:1   | Reached skill level 10 in Alchemy
 10956 | Lair:1   | Reached XP level 13. HP: 90/101 MP: 0/0
 10956 | Lair:1   | Learned a level 5 spell: Yara's Violent Unravelling
 11087 | Lair:1   | Reached *** piety under Makhleb
 11671 | Lair:2   | Reached skill level 10 in Dodging
 11677 | Lair:2   | Noticed Sonja
 11680 | Lair:2   | Killed Sonja
 11856 | Lair:2   | Noticed a catoblepas
 11870 | Lair:2   | Killed a catoblepas
 12439 | Lair:3   | Found a staircase to the Swamp.
 12492 | Lair:3   | Reached skill level 11 in Ice Magic
 12502 | Lair:3   | Reached **** piety under Makhleb
 12828 | Lair:3   | Found a staircase to the Snake Pit.
 12892 | Lair:3   | Noticed a six-headed hydra
 12895 | Lair:3   | Noticed a catoblepas
 12907 | Lair:3   | Killed a six-headed hydra
 12908 | Lair:3   | Reached XP level 14. HP: 92/108 MP: 0/0
 13245 | Lair:3   | Noticed Gastronok
 13256 | Lair:3   | Killed Gastronok
 13531 | Lair:4   | Found a viscous altar of Jiyva.
 13531 | Lair:4   | Found a staircase to the Slime Pits.
 13594 | Lair:4   | Reached skill level 12 in Ice Magic
 13597 | Lair:4   | Reached ***** piety under Makhleb
 14281 | Lair:5   | Entered Level 5 of the Lair of Beasts
 14535 | Lair:5   | Identified the +10 hand axe of the Hurtling Penguin
                  | {freeze, rF+}
 14713 | Lair:5   | Reached XP level 15. HP: 111/116 MP: 0/0
 14713 | Lair:5   | Learned a level 6 spell: Conjure Ball Lightning
 14716 | Lair:5   | Reached skill level 13 in Ice Magic
 15620 | Lair:5   | Identified the ring "Kimuh" {Wiz rC+ Int+5 Stlth-}
 16194 | D:12     | Found a staircase to the Orcish Mines.
 16201 | D:12     | Found a frozen archway.
 16246 | IceCv    | Entered an ice cave
 16271 | IceCv    | Reached ****** piety under Makhleb
 16662 | IceCv    | Reached skill level 14 in Ice Magic
 16716 | IceCv    | Noticed a reaper
 16729 | IceCv    | Killed a reaper
 16884 | IceCv    | Found the +4 skin of Zhor {*Englaciate rC+++ SInv}
 16885 | IceCv    | Found the +2 shield of Resistance {rF++ rC++ Will++}
 16994 | D:12     | Reached skill level 15 in Fighting
 16994 | D:12     | Reached XP level 16. HP: 126/126 MP: 0/0
 17073 | D:12     | Reached skill level 15 in Ice Magic
 17765 | D:13     | Reached skill level 15 in Spellcasting
 17765 | D:13     | Reached skill level 15 in Conjurations
 17765 | D:13     | Reached skill level 15 in Hexes
 17765 | D:13     | Reached skill level 15 in Summonings
 17765 | D:13     | Reached skill level 15 in Necromancy
 17765 | D:13     | Reached skill level 15 in Translocations
 17765 | D:13     | Reached skill level 15 in Fire Magic
 17765 | D:13     | Reached skill level 15 in Air Magic
 17765 | D:13     | Reached skill level 15 in Earth Magic
 17765 | D:13     | Reached skill level 15 in Alchemy
 17853 | D:13     | Found a gate to the Vaults.
 18150 | Orc:1    | Entered Level 1 of the Orcish Mines
 18222 | Orc:2    | Entered Level 2 of the Orcish Mines
 18223 | Orc:2    | Found a staircase to the Elven Halls.
 18297 | Orc:2    | Found Quemi's Magic Scroll Shop.
 18335 | Orc:2    | Noticed Jorgrun
 18365 | Orc:2    | Killed Jorgrun
 18366 | Orc:2    | Reached skill level 16 in Ice Magic
 18495 | Orc:2    | Reached XP level 17. HP: 96/131 MP: 0/0
 18495 | Orc:2    | Learned a level 7 spell: Malign Gateway
 18831 | Orc:2    | Noticed Saint Roka
 19074 | Orc:2    | Killed Saint Roka
 19287 | Orc:2    | Found Ygaeps's Jewellery Boutique.
 19303 | Orc:2    | Found Nipsi's General Store.
 19303 | Orc:2    | Found Yshuomp's Antique Weapon Shop.
 19303 | Orc:2    | Found Tas Kimy's Antique Armour Boutique.
 19306 | Orc:2    | Found Vina's Antique Armour Emporium.
 19318 | Orc:2    | Bought an embroidered hat for 203 gold pieces
 20186 | D:14     | Identified the +0 pair of gloves "Hyedghuog" {rC+ Dex+2
                  | Stlth+}
 20249 | D:14     | Found a portal to a secret trove of treasure.
 20258 | D:14     | Noticed Nessos
 20269 | D:14     | Killed Nessos
 20419 | D:14     | Found an opulent altar of Gozag.
 20504 | D:14     | Noticed Kirke
 20512 | D:14     | Killed Kirke
 20531 | D:14     | Noticed Josephine
 20539 | D:14     | Killed Josephine
 20683 | D:14     | Noticed Snorg
 20689 | D:14     | Killed Snorg
 20851 | D:14     | Reached skill level 10 in Shields
 20910 | D:14     | Noticed Agnes
 20915 | D:14     | Killed Agnes
 20916 | D:14     | Reached skill level 17 in Ice Magic
 21081 | D:15     | Entered Level 15 of the Dungeon
 21116 | D:15     | Reached skill level 5 in Armour
 21178 | D:15     | Found a staircase to the Depths.
 21297 | D:15     | Found Udiuwnam's CLEARANCE SALE!.
 21923 | Swamp:1  | Entered Level 1 of the Swamp
 22542 | Swamp:2  | Reached XP level 18. HP: 138/140 MP: 0/0
 23508 | Swamp:4  | Entered Level 4 of the Swamp
 23584 | Swamp:4  | Noticed the 27-headed Lernaean hydra
 23594 | Swamp:4  | Killed the 27-headed Lernaean hydra
 23673 | Swamp:4  | Got a mossy gem with 50 turns to spare
 23676 | Swamp:4  | Got a decaying rune of Zot
 23722 | Swamp:4  | Lost the mossy gem through the power of Zot.
 24229 | Snake:1  | Entered Level 1 of the Snake Pit
 24507 | Snake:1  | Reached XP level 19. HP: 148/148 MP: 0/0
 24507 | Snake:1  | Learned a level 6 spell: Bombard
 24776 | Snake:1  | Noticed Roxanne
 24932 | Snake:1  | Killed Roxanne
 25250 | Snake:1  | Noticed Mlioglotl
 25259 | Snake:1  | Killed Mlioglotl
 25331 | Snake:2  | You are sucked into a shaft and drop 1 floor!
 25368 | Snake:3  | Reached skill level 18 in Ice Magic
 26329 | Snake:2  | Identified the serpent talisman of the Cuttlefish {rF+
                  | Str+4}
 26329 | Snake:2  | Noticed Aizul
 26341 | Snake:2  | Killed Aizul
 26609 | Snake:2  | Noticed Vashnia
 26817 | Snake:2  | Killed Vashnia
 27181 | Snake:2  | Noticed Donald
 27201 | Snake:2  | Killed Donald
 27397 | Snake:4  | Entered Level 4 of the Snake Pit
 27726 | Snake:4  | Noticed Louise
 27732 | Snake:4  | Killed Louise
 27959 | Snake:4  | Reached XP level 20. HP: 127/157 MP: 0/0
 28020 | Snake:4  | Got a serpentine rune of Zot
 28291 | Snake:4  | Identified the +6 flail "Wityta" {heavy, *Rage rPois Str+3}
 28958 | Depths:1 | Entered Level 1 of the Depths
 28958 | Depths:1 | Found a one-way gateway to a ziggurat.
 28994 | Depths:1 | You are sucked into a shaft and drop 1 floor!
 29027 | Depths:2 | Reached skill level 10 in Armour
 29101 | Depths:2 | Found a one-way gate leading to the halls of Pandemonium.
 29288 | Depths:2 | Identified the +1 chain mail "Pocoelatt" {Will++}
 29361 | Depths:2 | Found a gateway to Hell.
 29704 | Depths:2 | Identified the +2 scale mail "Vuituif" {Regen+ Str+2 Dex-4}
 29890 | Depths:1 | Noticed Bai Suzhen
 29903 | Depths:1 | Reached skill level 15 in Dodging
 29998 | Depths:1 | Reached skill level 19 in Ice Magic
 30199 | Depths:1 | Killed Bai Suzhen
 30433 | Depths:1 | Noticed Boris
 30456 | Depths:1 | Killed Boris
 31326 | Vaults:1 | Entered Level 1 of the Vaults
 31363 | Vaults:1 | Reached XP level 21. HP: 156/164 MP: 0/0
 31363 | Vaults:1 | Learned a level 8 spell: Lehudib's Crystal Spear
 33235 | Vaults:2 | Noticed Boris
 33244 | Vaults:2 | Killed Boris
 33277 | Vaults:2 | Identified the +7 long sword of Subterfuge {flame, *Corrode
                  | rElec rF+++ Str+3}
 33615 | Vaults:2 | Reached XP level 22. HP: 169/172 MP: 0/0
 33885 | Vaults:2 | Identified the +10 plate armour "Fiumemp" {*Corrode rElec
                  | rC+}
 33964 | Vaults:2 | Reached skill level 15 in Shields
 34055 | Vaults:2 | Found a staircase to the Crypt.
 34060 | Vaults:2 | Reached skill level 20 in Ice Magic
 34686 | Vaults:3 | Found Fifaurih's Armour Shop.
 34772 | Vaults:3 | Noticed Mennas
 34801 | Vaults:3 | Killed Mennas
 35193 | Vaults:3 | Found Leghowkid's Armour Emporium.
 36282 | Vaults:4 | Found Iturph's Assorted Antiques.
 36303 | Vaults:4 | Found Baocloull's Assorted Antiques.
 36303 | Vaults:4 | Found Pohymp's Book Boutique.
 36716 | Vaults:4 | Noticed Boris
 36727 | Vaults:4 | Killed Boris
 36728 | Vaults:4 | Reached XP level 23. HP: 89/180 MP: 0/0
 36728 | Vaults:4 | Learned a level 7 spell: Monstrous Menagerie
 36922 | Vaults:4 | Found Viptiusk's Distillery.
 37290 | Vaults:4 | Found Suarr's Antique Weapon Shop.
 37369 | Vaults:5 | Entered Level 5 of the Vaults
 37504 | Vaults:5 | Noticed a golden dragon
 37507 | Vaults:5 | Killed a golden dragon
 37829 | Vaults:5 | Identified the +2 chain mail of Valiance {Rampage}
 37850 | Vaults:5 | Reached skill level 21 in Ice Magic
 37858 | Vaults:5 | Found Rippetro's Book Shoppe.
 38121 | Vaults:5 | Identified the +9 halberd of Gulol {vamp, Fly rC- rCorr}
 38355 | Vaults:5 | Reached XP level 24. HP: 154/172 MP: 0/0
 38562 | Vaults:5 | Got a silver rune of Zot
 39636 | Elf:1    | Entered Level 1 of the Elven Halls
 39794 | Elf:1    | Noticed Norris
 39805 | Elf:1    | Killed Norris
 39974 | Elf:1    | Paralysed by an air elemental for 1 turns
 40080 | Elf:1    | Reached skill level 22 in Ice Magic
 40125 | Elf:1    | Identified the +6 shortbow of Afoich {elec, rN++ Will-
                  | Dex+3}
 40338 | Elf:1    | Reached skill level 15 in Armour
 40347 | Elf:1    | Paralysed by an air elemental for 1 turns
 41125 | Elf:2    | Reached XP level 25. HP: 186/195 MP: 0/0
 41125 | Elf:2    | Learned a level 8 spell: Disjunction
 41287 | Elf:2    | Found Kiogrow's General Store.
 41303 | Elf:2    | Bought the staff of Gozag, Dancing {rN+ Int+8 Stlth- Necro
                  | Ice Alchemy} for 820 gold pieces
 41608 | Elf:2    | Found a runed translucent gate.
 41608 | Elf:2    | Found a runed translucent gate.
 41608 | Elf:2    | Found a runed translucent gate.
 42124 | Elf:3    | Entered Level 3 of the Elven Halls
 42143 | Elf:3    | Identified the +1 robe "Utwiw" {Will+}
 42407 | Elf:3    | Paralysed by an air elemental for 1 turns
 42512 | Elf:3    | Found Ehouhife's Jewellery Shop.
 42831 | Elf:3    | Reached skill level 23 in Ice Magic
 43076 | Elf:3    | Identified the +6 quarterstaff of Fragile Peace {venom, rC-
                  | Dex+4}
 43143 | Elf:3    | Identified the +6 broad axe "Giantslayer" {distort,
                  | ^Fragile rCorr Int+6}
 43143 | Elf:3    | Identified the ring of the Present {*Slow rElec Will+ Str+3
                  | Dex+8}
 43447 | Elf:3    | Identified the +6 quarterstaff of Qetyprev {flame, Fly
                  | Will+ Str+3}
 43491 | Elf:3    | Identified the +5 shortbow of Nemelex Xobeh's Whim {speed,
                  | +Blink rN++ Str+2 Int-3}
 43778 | Slime:1  | Entered Level 1 of the Pits of Slime
 44127 | Slime:1  | Gained mutation: You occasionally lose the ability to drink
                  | potions when taking damage. [a shining eye]
 44128 | Slime:1  | Gained mutation: You are frail. (-10% HP) [a shining eye]
 44136 | Slime:1  | Reached XP level 26. HP: 178/182 MP: 0/0
 44888 | Slime:3  | Gained mutation: You occasionally lose the ability to read
                  | scrolls when taking damage. [a shining eye]
 44889 | Slime:3  | Gained mutation: You possess an exceptional clarity of
                  | mind. [a shining eye]
 44891 | Slime:3  | Reached skill level 24 in Ice Magic
 44894 | Slime:3  | Gained mutation: Armour fits poorly on your strangely
                  | shaped body. [a shining eye]
 44897 | Slime:3  | Gained mutation: You are occasionally teleported next to
                  | monsters. [a shining eye]
 44898 | Slime:3  | Gained mutation: [You are dopey. (Int -2)] [a shining eye]
 45555 | Slime:5  | Entered Level 5 of the Pits of Slime
 45659 | Slime:5  | Noticed the Royal Jelly
 45692 | Slime:5  | Killed the Royal Jelly
 46147 | Slime:5  | Identified the staff "Ecsuo" {rF+ SInv Stlth+ Fire Air}
 46177 | Slime:5  | Identified the +9 great sword of Distraction {flame, Fly
                  | rCorr Int-2 Dex+3}
 46238 | Slime:5  | Got a slimy rune of Zot
 46249 | Slime:5  | Identified the +5 morningstar of the Volcano {flame, rN++
                  | Will++ Dex+3}
 46468 | Slime:5  | Gained mutation: You are very frail. (-20% HP) [a shining
                  | eye]
 46470 | Slime:5  | Gained mutation: You are extremely frail. (-30% HP) [a
                  | shining eye]
 47736 | Depths:3 | Found a runed translucent gate.
 47740 | Depths:3 | Found a runed translucent gate.
 47740 | Depths:3 | Noticed Atuad's ghost (adept FoHu)
 47741 | Depths:3 | Found a runed translucent gate.
 47807 | Depths:3 | Killed Atuad's ghost
 47922 | Depths:3 | Found Inaegecs's Assorted Antiques.
 47924 | Depths:3 | Found Ysomix's Armour Emporium.
 47924 | Depths:3 | Found Ehuop's General Store.
 47929 | Depths:3 | Found Uwuh's Assorted Antiques.
 47946 | Depths:3 | Found a one-way gate to the infinite horrors of the Abyss.
 47958 | Depths:3 | Reached XP level 27. HP: 138/147 MP: 0/0
 47958 | Depths:3 | Learned a level 9 spell: Shatter
 48389 | Depths:3 | Noticed a juggernaut
 48393 | Depths:3 | Killed a juggernaut
 48412 | Depths:3 | Reached skill level 25 in Ice Magic
 48524 | Depths:3 | Identified the +9 war axe "Webb" {freeze, *Noise rElec
                  | Str+8 Dex-5}
 49041 | Depths:3 | Bought +1 fire dragon scales for 1206 gold pieces
 49171 | D:14     | You paid a toll of +6 fire dragon scales to enter a
                  | treasure trove
 49172 | Trove    | Entered a treasure trove
 49177 | Trove    | Found the +7 lajatang of Order {silver, rMut}
 49185 | Trove    | Identified the +4 spear of the Orange Skies {holy, rC+
                  | rCorr}
 49187 | Trove    | Identified the +10 quarterstaff of Midwinter {antimagic,
                  | ^Drain ^Fragile rPois Int+6}
 49188 | Trove    | Identified the +5 falchion "Usam" {drain, rC++}
 49197 | Trove    | Identified the +8 hand axe of Mumoy {flame, rElec Str+4
                  | Int+2 SInv}
 49295 | Depths:4 | Entered Level 4 of the Depths
 49548 | Depths:4 | Noticed Xtahua
 49557 | Depths:4 | Killed Xtahua
 50203 | Depths:4 | Found a gate to the Realm of Zot.
 50292 | Hell     | Entered the Vestibule of Hell
 50299 | Hell     | Noticed Geryon
 50434 | Hell     | Killed Geryon
 50436 | Hell     | Gained mutation: Your spells are a little easier to cast,
                  | but a little less powerful. [a cacodemon]
 50438 | Hell     | Found a gateway to the Iron City of Dis.
 50489 | Hell     | Found a gateway to the decaying netherworld of Tartarus.
 50678 | Hell     | Found a gateway to the freezing wastes of Cocytus.
 50877 | Hell     | Found a gateway to the ashen valley of Gehenna.
 50952 | Geh:1    | Entered Level 1 of Gehenna
 51302 | Geh:2    | Reached skill level 26 in Ice Magic
 51421 | Hell     | Upgraded the game from 0.32-a0-12-g7fc57aa741 to
                  | 0.32-a0-18-g89e19f1974
 52093 | Geh:3    | HP: 4/126 [Brimstone Fiend/damnation (21)]
 52695 | Geh:4    | Gained mutation: You occasionally shout uncontrollably at
                  | your foes. [mutagenic glow]
 52705 | Geh:4    | Gained mutation: You are clumsy. (Dex -2) [mutagenic glow]
 53294 | Hell     | HP: 1/96 [searing wretch (35)]
 53294 | Hell     | Slain by a searing wretch

Illustrated notes

Levels and vault maps discovered:
D:1:      erik_arrival_triangle_large, layout_loops_ring, serial_shops,
          nicolae_shop_gaudy_bauble, glass_columns_c
D:2:      layout_rooms, serial_co_window_serial, co_window_of_opportunity_a,
          co_window_paths_b, co_window_corner_a, co_window_corner_a,
          co_window_paths_b, co_window_broadway_b, co_window_cross_4,
          co_window_unsneaky_path_d, co_window_paths_c, co_window_4corner_a,
          glass_columns_c, glass_columns_a, glass_columns_c, grunt_decor_cap,
          st_stairs_9, minmay_misc_feat_square
D:3:      layout_basic, uniq_grinder, uniq_terence
D:4:      layout_cave_pods, led_sif_pool, serial_shops, shop, uniq_robin
D:5:      layout_loops_corners, mainiacjoe_overflow_small_starburst,
          nemelex_spade_bored_becter, mainiacjoe_overflow_boulevard,
          nicolae_ossuary_entry_giza, minmay_misc_feat_tower, uniq_edmund,
          uniq_prince_ribbit1, uniq_pikel
D:6:      layout_loops_cross, lemuel_doored_altar, elyvilon_altar_5,
          mainiacjoe_overflow_six_doors_small, kennysheep_little_box,
          mainiacjoe_overflow_chevrons, uniq_maggie
D:7:      layout_basic, kennysheep_slug_shrine, minmay_temple_entry_wispy,
          uniq_menkaure, uniq_crazy_yiuf_cottage
D:8:      layout_loops_ring, xom_confusion_cloud,
          nicolae_yredelemnul_corpse_copse, biasface_ghost_orc_armoury,
          grunt_ministairs_11, st_stairs_12
D:9:      layout_irregular_city, mainiacjoe_overflow_24_doors,
          nicolae_ru_great_annihilating_truth, nicolae_qazlal_scattered_showers
D:10:     layout_long_grid, grunt_ministairs_3, uniq_urug
D:11:     layout_cave_pods, david_lair_generic, uniq_grum, uniq_erolcha,
          uniq_lodul
D:12:     layout_long_grid, erik_orc_4, portal_ice_cave_entry_ice_simulacra
D:13:     layout_cave_pools, lightli_vaults_fourway_checkpoint
D:14:     layout_roguey, enter_trove_2, nicolae_concentric_dashed_squares_mild,
          grunt_gozag_breadcrumbs, uniq_snorg, uniq_nessos, uniq_kirke,
          uniq_josephine, uniq_agnes
D:15:     hangedman_depths_entry_civil_slaughter, layout_small_grid,
          nicolae_shop_clearance
Temple:   corrupted_temple
Lair:1:   layout_gridlike, guppyfry_lair_drakes, uniq_erica
Lair:2:   layout_long_grid, uniq_sonja
Lair:3:   layout_loops_ring, swamp_mist_pool, nicolae_snake_entry_warm_welcome,
          uniq_gastronok
Lair:4:   layout_roguey, nicolae_slime_entry_slimehenge, st_stairs_12
Lair:5:   due_jungle_book, layout_gridlike
Swamp:1:  layout_basic_swamp, hangedman_swamp_lotus
Swamp:2:  layout_falls_marsh, evilmike_swamp_ruin_wall, swamp_pool_5
Swamp:3:  layout_basic_swamp, evilmike_swamp_ruin_house_3, swamp_pool_5,
          lightli_tree_ring, infiniplex_staircase_pool
Swamp:4:  swamp_alternative, layout_basic_swamp, swamp_pool_3,
          nicolae_swamp_stuck_in_the_mud
Snake:1:  layout_honeycomb, uniq_mlioglotl, uniq_roxanne
Snake:2:  layout_cave_pods, special_room, uniq_vashnia, uniq_donald, uniq_aizul
Snake:3:  layout_cave_pods
Snake:4:  hellmonk_snake_rune_quicksilver_temple, layout_chambers,
          lemuel_fruit_tree, uniq_louise
Slime:1:  layout_caves, cheibrodos_slime_lost_civilization_5
Slime:2:  layout_caves
Slime:3:  layout_caves, special_room [special_room_jelly],
          nicolae_slime_rock_hall_of_fame
Slime:4:  layout_caves
Slime:5:  slime_pit_nicolae_block_by_block
Orc:1:    layout_diamond_mine, statue_in_the_mist_lemuel
Orc:2:    st_orc_rangers, layout_diamond_mine, serial_shops,
          nicolae_diamond_shop, minmay_shop_enchanted_jewellery, uniq_jorgrun,
          uniq_saint_roka
Elf:1:    minmay_the_grid_square_5x5_5x5_mashed
          [minmay_the_grid_square_5x5_doubleslash,
          minmay_the_grid_square_5x5_checkered_sparse,
          minmay_the_grid_square_5x5_checkered,
          minmay_the_grid_square_5x5_detours, minmay_the_grid_square_5x5_z,
          minmay_the_grid_square_5x5_three,
          minmay_the_grid_square_5x5_prize_waves,
          minmay_the_grid_square_5x5_meh,
          minmay_the_grid_square_5x5_prize_snowflake,
          minmay_the_grid_square_5x5_percent, minmay_the_grid_square_5x5_inset,
          minmay_the_grid_square_5x5_seven,
          minmay_the_grid_square_5x5_prize_pseudospiral,
          minmay_the_grid_square_5x5_two,
          minmay_the_grid_square_5x5_checkered_statues,
          minmay_the_grid_square_5x5_fat_x,
          minmay_the_grid_square_5x5_prize_gold,
          minmay_the_grid_square_5x5_minivault,
          minmay_the_grid_square_5x5_prize_rear_guard,
          minmay_the_grid_square_5x5_pentomino_r,
          minmay_the_grid_square_5x5_two_walls_a,
          minmay_the_grid_square_5x5_fancy_junction,
          minmay_the_grid_square_5x5_two_walls_b,
          minmay_the_grid_square_5x5_trominoes,
          minmay_the_grid_square_5x5_moneybag], layout_geoelf_grid,
          minmay_elf_sorcery, uniq_norris
Elf:2:    nicolae_elf_blades_splatter_lattice [nicolae_blade_bullseye],
          layout_geoelf_octagon, nicolae_stop_n_shop_1, st_stairs_8
Elf:3:    minmay_elf_hall_dome, layout_gridlike, serial_shops,
          nicolae_shop_window_shopping, nrook_mini_backslash, grunt_megastairs_1
Vaults:1: v_misc_16, nicolae_vaults_twisting_passages, grunt_vaults_funnel,
          grunt_vaults_focal, nicolae_vaults_prndl, hangedman_vaults_maws,
          v_misc_3, nicolae_vaults_network_square, nicolae_vaults_six-pack,
          layout_vaults_chaotic_city
Vaults:2: ontoclasm_vaults_gateway, vaults_room_corners,
          nicolae_vaults_closet_pinwheel_6, v_misc_3, st_lattice,
          minmay_crypt_entry_simple_round, v_misc_33,
          nicolae_vaults_door_testing_chamber, v_misc_30, v_misc_15,
          layout_vaults_omnibox
Vaults:3: v_misc_19, dpeg_vaults_monster_box, nicolae_vaults_heart-shaped_vault,
          nicolae_vaults_closet_pinwheel_1, layout_vaults_quadrants,
          serial_shops, shop, uniq_mennas
Vaults:4: v_misc_2, vaults_dpeg_doors, vaults_mumra_lcd,
          nicolae_vaults_turnstiles, ontoclasm_vaults_echo, v_misc_28,
          nicolae_vaults_tetromino_Z_2, nicolae_vaults_little_squares_2,
          v_alt_pattern_1, nicolae_vaults_storage_closets_2,
          layout_vaults_omnicross, serial_shops, shop, shop, shop, shop, shop
Vaults:5
Depths:1: layout_gridlike, enter_ziggurat_c, hellmouth_3, grunt_decor_clamped,
          drop_trap, kilobyte_mutagenic_chamber, uniq_bai_suzhen, uniq_boris
Depths:2: impenetrable_vault, layout_cave_pools, hell_entry,
          minmay_misc_feat_tiny, pan_entry, nicolae_titane
Depths:3: cross_vault, layout_cave_shapes, hell_entry, abyss_entry,
          minmay_stone_trees_small, hellmonk_ghost_time_enough,
          grunt_ministairs_8, infiniplex_staircase_river, serial_bayou_shore_b,
          minmay_shoptagon
Depths:4: evilmike_zot_entry_round, layout_cave_pools, grunt_hell_entry_dis_mu,
          minivault_11, uniq_margery, uniq_xtahua
Hell
Geh:1:    layout_gehenna_pools_basic, nicolae_geh_single_fiery_grave
Geh:2:    layout_gehenna_lava_caves
Geh:3:    layout_gehenna_pools_box, minmay_fire_ice_demons
Geh:4:    layout_gehenna_pools_basic
Geh:5:    layout_gehenna_lava_caves

Skill      XL: |  1  2  3  4  5  6  7  8  9 10 11 12 13 14 15 16 17 18 19 20 21 22 23 24 25 26 27 |
---------------+----------------------------------------------------------------------------------+-----
Fighting       | 1 2 3 4 5 7 9 10 11 12 13 15 16 17 18 19 20 21 22 | 22.7
Spellcasting   | 4 5 6 7 8 9 10 11 12 14 15 16 17 18 19 20 21 | 21.5
Conjurations   | 4 5 6 7 8 9 10 11 12 14 15 16 17 18 19 20 21 | 21.5
Hexes          | 4 5 6 7 8 9 10 11 12 14 15 16 17 18 19 20 21 | 21.5
Summonings     | 4 5 6 7 8 9 10 11 12 14 15 16 17 18 19 20 21 | 21.5
Necromancy     | 4 5 6 7 8 9 10 11 12 14 15 16 17 18 19 20 21 | 21.5
Translocations | 4 5 6 7 8 9 10 11 12 14 15 16 17 18 19 20 21 | 21.5
Fire Magic     | 4 5 6 7 8 9 10 11 12 14 15 16 17 18 19 20 21 | 21.5
Ice Magic      | 4 5 6 7 8 9 10 11 12 14 16 17 18 19 20 21 22 23 24 26 | 26.4
Air Magic      | 4 5 6 7 8 9 10 11 12 14 15 16 17 18 19 20 21 | 21.5
Earth Magic    | 4 5 6 7 8 9 10 11 12 14 15 16 17 18 19 20 21 | 21.5
Alchemy        | 4 5 6 7 8 9 10 11 12 14 15 16 17 18 19 20 21 | 21.5
Dodging        | 3 6 8 9 10 11 12 13 14 15 16 17 18 19 20 21 | 21.4
Shields        | 1 4 6 8 9 10 11 13 14 15 16 17 18 19 | 19.6
Armour         | 2 3 5 8 9 11 12 13 14 15 16 17 | 17.1
Stealth        | |  1.5

Action                     |  1- 3 |  4- 6 |  7- 9 | 10-12 | 13-15 | 16-18 | 19-21 | 22-24 | 25-27 || total
---------------------------+-------+-------+-------+-------+-------+-------+-------+-------+-------++-------
  Melee: Unarmed           |     3 |       |       |       |       |       |       |       |       ||     3
         Whip              |       |       |     5 |     2 |     9 |       |       |       |       ||    16
         Hand axe          |       |       |       |       |     3 |       |       |       |       ||     3
         Staff             |       |       |       |       |     4 |    10 |     5 |     4 |       ||    23
   Cast: Magic Dart        |    66 |    86 |   121 |   112 |    17 |       |     1 |       |       ||   403
         Searing Ray       |       |    19 |    52 |   196 |   202 |    43 |    11 |       |       ||   523
         Mercury Vapours   |       |       |     1 |     2 |       |       |       |       |       ||     3
         Iskenderun's Myst |       |       |    30 |   120 |   302 |   307 |   321 |   139 |   129 ||  1348
         Fulminant Prism   |       |       |     5 |     3 |    12 |       |    11 |       |       ||    31
         Freezing Cloud    |       |       |       |    10 |    45 |   156 |   230 |   243 |   294 ||   978
         Conjure Ball Ligh |       |       |       |       |     6 |    11 |     7 |       |       ||    24
         Yara's Violent Un |       |       |       |       |     2 |     1 |     1 |       |     2 ||     6
         Malign Gateway    |       |       |       |       |       |       |     4 |     2 |     2 ||     8
         Bombard           |       |       |       |       |       |       |    48 |   394 |   214 ||   656
         Monstrous Menager |       |       |       |       |       |       |       |     1 |       ||     1
         Lehudib's Crystal |       |       |       |       |       |       |       |     1 |   257 ||   258
         Shatter           |       |       |       |       |       |       |       |       |    12 ||    12
    Use: Scroll            |       |       |    23 |     5 |     5 |     2 |     1 |     2 |     6 ||    44
         Potion            |       |       |       |       |     3 |       |     1 |       |     3 ||     7
 Armour: Robe              |    12 |    11 |    57 |    10 |   128 |       |       |       |       ||   218
         Steam dragon scal |       |       |     4 |    76 |       |       |       |       |       ||    80
         Animal skin       |       |       |       |       |       |   153 |   191 |   172 |   205 ||   721
  Dodge: Dodged            |    16 |    26 |    77 |    90 |   152 |    88 |    84 |    83 |    87 ||   703
  Block: Buckler           |       |       |       |    20 |    69 |       |       |       |       ||    89
         Kite shield       |       |       |       |       |       |   122 |   138 |   130 |   112 ||   502

Table legend: (Time is in decaauts)
 A = Elapsed time spent in this place.
 B = Non-inter-level travel time spent in this place.
 C = Inter-level travel time spent in this place.
 D = Time resting spent in this place.
 E = Time spent auto-exploring this place.
 F = Levels seen in this place.
 G = Mean time per level.
                   A        B        C        D        E       F      G
               +--------+--------+--------+--------+--------+-----+--------+
         Total |  53382 |  49128 |   4254 |      8 |  32742 |  57 |  936.5 |
       Dungeon |  14096 |  12411 |   1685 |      0 |   8438 |  15 |  939.7 |
        Temple |     40 |     40 |      0 |      0 |      0 |   1 |   40.0 |
          Lair |   5637 |   5111 |    526 |      8 |   3416 |   5 | 1127.4 |
         Swamp |   2269 |   2141 |    128 |      0 |   1434 |   4 |  567.2 |
     Snake Pit |   4558 |   4325 |    233 |      0 |   3224 |   4 | 1139.5 |
    Slime Pits |   3621 |   3522 |     99 |      0 |   2236 |   5 |  724.2 |
  Orcish Mines |   2032 |   1957 |     75 |      0 |   1009 |   2 | 1016.0 |
   Elven Halls |   3993 |   3832 |    161 |      0 |   2493 |   3 | 1331.0 |
        Vaults |   8236 |   7874 |    362 |      0 |   5194 |   5 | 1647.2 |
        Depths |   4966 |   4531 |    435 |      0 |   2880 |   4 | 1241.5 |
          Hell |   1280 |   1234 |     46 |      0 |   1032 |   1 | 1280.0 |
       Gehenna |   1628 |   1128 |    500 |      0 |    861 |   5 |  325.6 |
         Trove |     37 |     37 |      0 |      0 |      2 |   1 |   37.0 |
       Ossuary |    288 |    288 |      0 |      0 |    128 |   1 |  288.0 |
      Ice Cave |    693 |    693 |      0 |      0 |    395 |   1 |  693.0 |
               +--------+--------+--------+--------+--------+-----+--------+

Top non-repeatable levels by time:
Vaults:5: 2042 daAuts
  Lair:5: 1685 daAuts
Depths:1: 1675 daAuts
Vaults:1: 1658 daAuts
 Slime:5: 1648 daAuts
Vaults:3: 1582 daAuts
Vaults:2: 1554 daAuts
   Elf:3: 1449 daAuts
   Elf:1: 1431 daAuts
   Orc:2: 1410 daAuts
Vaults:4: 1397 daAuts
Depths:3: 1337 daAuts
 Snake:4: 1330 daAuts
    Hell: 1280 daAuts
 Snake:2: 1205 daAuts
